 Dungeon Crawl Stone Soup version 0.28.0 (webtiles) character file.

Game seed: 11735105766531775118

48 issech the Cudgeller (level 3, 0/36 HPs)
             Began as a Troll Monk on Feb 6, 2022.
             Slain by Natasha (4 damage)
             ... on level 2 of the Dungeon.
             The game lasted 00:03:24 (1089 turns).

issech the Cudgeller (Troll Monk)                   Turns: 1089, Time: 00:03:25

Health: 0/36       AC:  4    Str: 19    XL:     3   Next: 50%
Magic:  2/2        EV: 10    Int:  6    God:
Gold:   42         SH:  0    Dex: 14    Spells: 2/2 levels left

rFire   . . .      SeeInvis .   a - +0 mace
rCold   . . .      Faith    .   (no shield)
rNeg    . . .      Spirit   .   b - +0 robe
rPois   .          Reflect  .   (helmet restricted)
rElec   .          Harm     .   (no cloak)
rCorr   .          Rampage  .   (gloves unavailable)
Will    .....                   (boots unavailable)
Stlth   ++........              (no amulet)
HPRegen 0.92/turn               (no ring)
MPRegen 0.08/turn               (no ring)

@: no status effects
A: large, unfitting armour, claws 3, regeneration 1, shaggy fur 1, tough skin 1
a: no special abilities


You were on level 2 of the Dungeon.
You visited 1 branch of the dungeon, and saw 2 of its levels.

You collected 42 gold pieces.

Inventory:

Hand Weapons
 a - a +0 mace (weapon)
Missiles
 e - 2 javelins (quivered)
 g - 24 arrows
 k - 26 stones
 n - 13 bolts
Armour
 b - a +0 robe (worn)
Scrolls
 c - a scroll of vulnerability {unknown}
 d - a scroll of identify {unknown}
 j - a scroll of enchant armour {unknown}
 l - a scroll of noise {unknown}
 m - a scroll of teleportation {unknown}
Potions
 f - a potion of curing
 h - 2 potions of berserk rage {unknown}
 i - a potion of ambrosia {unknown}


   Skills:
 + Level 2.7 Fighting
 + Level 3.4 Maces & Flails
 + Level 2.9 Dodging
 + Level 1.1 Stealth


You had 2 spell levels left.
You didn't know any spells.
Your spell library contained the following spells:

 Spells                   Type           Power      Damage    Failure   Level
 Corpse Rot               Necr/Air       0%         N/A       58%         2
 Poisonous Vapours        Pois/Air       0%         N/A       58%         2


Dungeon Overview and Level Annotations

Branches:
Dungeon (2/15)

Altars:

Annotations:
D:2 Natasha


Innate Abilities, Weirdness & Mutations

You are too large for most types of armour.
You have claws for hands.
Your natural rate of healing is unusually fast.
You are covered in fur. (AC +1)
You have tough skin. (AC +1)


Message History

You feel yourself slow down.
You barely miss Natasha.
Natasha is heavily wounded.
Natasha claws you. Natasha closely misses you.
You closely miss Natasha. Your claw misses Natasha.
Natasha is heavily wounded.
Natasha claws you but does no damage. Natasha claws you!
You barely miss Natasha.
Natasha is heavily wounded.
Natasha completely misses you. Natasha misses you.
You hit Natasha but do no damage.
Natasha is heavily wounded.
Natasha claws you! Natasha claws you.
You closely miss Natasha.
Natasha is heavily wounded.
Natasha claws you but does no damage. Natasha claws you.
* * * LOW HITPOINT WARNING * * *
You hit Natasha but do no damage.
Natasha is moderately wounded.
Natasha completely misses you. Natasha barely misses you.
You hit Natasha.
Natasha is heavily wounded.
Natasha closely misses you.
You hit Natasha.
Natasha is severely wounded.
You feel yourself speed up. Natasha claws you.
* * * LOW HITPOINT WARNING * * *
Natasha claws you.
* * * LOW HITPOINT WARNING * * *
You hit Natasha but do no damage.
Natasha is severely wounded.
Natasha casts a spell.
You completely miss Natasha.
Natasha is severely wounded.
Natasha claws you.
* * * LOW HITPOINT WARNING * * *
Natasha drinks a potion.
Natasha is healed!
You closely miss Natasha. The crimson imp barely misses you. Natasha claws you.
You die...

#..................
#..................
#...........####...
#)..........#
#...........#
#####...##### #...#
######|..##...
#.h@..........
#.5...........
#.............
#.....<.....##
#...........#
#...........#
#...........#
#...........#


You could see Natasha and a crimson imp (summoned).

Vanquished Creatures
  An adder (D:2)
  A worm (D:2)
  4 ball pythons (D:1)
  4 endoplasms
  2 giant cockroaches
  2 goblins (D:1)
  4 hobgoblins
  5 kobolds
  3 quokkas
  A bat (D:2)
  A frilled lizard (D:1)
  5 rats
33 creatures vanquished.

Notes
Turn   | Place    | Note
-------+----------+-------------------------------------------
     0 | D:1      | issech the Troll Monk began the quest for the Orb.
     0 | D:1      | Reached XP level 1. HP: 22/22 MP: 0/0
    91 | D:1      | Reached skill level 3 in Maces & Flails
   170 | D:1      | Reached XP level 2. HP: 27/29 MP: 1/1
   350 | D:1      | Found a faded altar of an unknown god.
   756 | D:2      | Reached XP level 3. HP: 36/36 MP: 2/2
  1041 | D:2      | Noticed Natasha
  1089 | D:2      | Slain by Natasha

Illustrated notes

Levels and vault maps discovered:
D:1:      lemuel_arrival_tunnels, layout_loops_ring,
          hellmonk_ecumenical_altar_arch_garden
D:2:      layout_basic, basic_altar, kennysheep_cluttered_room,
          solitary_fountain, uniq_natasha

Skill      XL: |  1 |
---------------+----+-----
Maces & Flails | 3 |  3.4
Fighting       | |  2.7
Dodging        | |  2.9
Stealth        | |  1.1

Action                   || total
-------------------------++-------
Melee: Mace              ||   131
       Punch             ||     1
 Stab: Sleeping          ||     3
Armor: Robe              ||    39
Dodge: Dodged            ||    78
